 Dungeon Crawl Stone Soup version 0.30-a0-916-g9813417 (webtiles) character file.

Game seed: 6019275562302028570

3332 Ayyar the Transmogrifier (level 10, 0/76 HPs)
             Began as a Gnoll Wanderer on Apr 18, 2023.
             Was a Believer of Okawaru.
             Slain by a troll (3 damage)
             ... on level 7 of the Dungeon.
             The game lasted 00:59:12 (8215 turns).

Ayyar the Transmogrifier (Gnoll Wanderer)           Turns: 8215, Time: 00:59:13

Health: 0/76       AC: 16    Str: 16    XL:     10   Next: 2%
Magic:  16/18      EV: 15    Int: 13    God:    Okawaru [**....]
Gold:   410        SH:  0    Dex: 10    Spells: 19/20 levels left

rFire   . . .      SeeInvis .    l - +5 club (spect)
rCold   + . .      Faith    .    (no shield)
rNeg    . . .      Spirit   .    h - +0 chain mail
rPois   .          Reflect  .    (no helmet)
rElec   .          Rampage  .    (no cloak)
rCorr   .                        d - +2 pair of gloves
Will    .....                    i - +0 pair of boots
Stlth   +                        (no amulet)
HPRegen 0.32/turn                e - ring of protection from cold
MPRegen 0.16/turn                E - +5 ring of evasion

@: heroic
A: fangs 1, strong nose, distributed training
a: Renounce Religion, Heroism


You were on level 7 of the Dungeon.
You worshipped Okawaru.
Okawaru was pleased with you.
You visited 2 branches of the dungeon, and saw 9 of its levels.

You collected 624 gold pieces.
You spent 214 gold pieces at shops.

Inventory:

Hand Weapons
 f - a +2 flail of holy wrath
 l - a +5 spectral club (weapon)
 G - a +0 morningstar
Missiles
 c - 64 stones
 g - 26 poisoned darts (quivered)
 s - an atropa-tipped dart
 F - 6 boomerangs
Armour
 d - a +2 pair of gloves (worn)
 h - a +0 chain mail (worn)
 i - a +0 pair of boots (worn)
Jewellery
 e - a ring of protection from cold (left hand)
 o - a ring of protection from cold
 A - a ring of wizardry
 B - the ring "Vopsoti" {*Slow rElec Will+ Dex+3 Slay+2}
   (You found it on level 5 of the Dungeon)

   [ring of willpower]

   Dex:       It affects your dexterity (+3).
   Slay:      It affects your accuracy & damage with ranged weapons and melee
   (+2).
   rElec:     It insulates you from electricity.
   *Slow:     It may slow you when you take damage.
   Will:      It increases your willpower.
 E - a +5 ring of evasion (right hand)
Wands
 C - a wand of paralysis (28)
 J - a wand of roots (5)
Scrolls
 b - a scroll of fog
 j - 2 scrolls of poison
 q - 2 scrolls of torment
 t - 2 scrolls of identify
 w - 2 scrolls of vulnerability
 x - 2 scrolls of enchant weapon
 y - 2 scrolls of blinking
 H - a scroll of noise {unknown}
 K - a scroll of teleportation
Potions
 k - 3 potions of mutation
 r - 2 potions of invisibility
 u - 3 potions of might
 v - a potion of flight {unknown}
 z - a potion of brilliance {unknown}
 D - a potion of haste {unknown}
 I - a potion of attraction {unknown}


   Skills:
 + Level 5.7(10.7) Fighting
 + Level 5.0(10.0) Short Blades
 + Level 5.0(10.0) Long Blades
 + Level 5.0(10.0) Axes
 + Level 5.7(10.7) Maces & Flails
 + Level 5.0(10.0) Polearms
 + Level 5.0(10.0) Staves
 + Level 5.0(10.0) Ranged Weapons
 + Level 5.0(10.0) Throwing
 + Level 5.0(10.0) Armour
 + Level 5.7(10.7) Dodging
 + Level 5.6(10.6) Stealth
 + Level 5.0(10.0) Shields
 + Level 5.0(10.0) Unarmed Combat
 + Level 5.8 Spellcasting
 + Level 4.1 Conjurations
 + Level 4.1 Hexes
 + Level 4.1 Summonings
 + Level 4.1 Necromancy
 + Level 4.1 Translocations
 + Level 9.7 Transmutations
 + Level 4.1 Fire Magic
 + Level 4.1 Ice Magic
 + Level 4.1 Air Magic
 + Level 4.1 Earth Magic
 + Level 4.1 Poison Magic
 + Level 5.5 Invocations
 + Level 5.0 Evocations


You had 19 spell levels left.
You knew the following spells:

 Your Spells              Type           Power      Damage    Failure   Level
a - Beastly Appendage     Tmut           58%        N/A       3%          1

Your spell library contained the following spells:

 Spells                   Type           Power      Damage    Failure   Level
 Wereblood                Tmut           29%        N/A       4%          2
 Spider Form              Tmut/Pois      21%        N/A       30%         3
 Freeze                   Ice            56%        1d7       32%         1
 Slow                     Hex            56%        N/A       32%         1
 Confusing Touch          Hex            14%        N/A       69%         3
 Dazzling Flash           Conj/Hex       28%        N/A       69%         3
 Frozen Ramparts          Ice            28%        1d5       69%         3
 Gell's Gravitas          Tloc           14%        N/A       69%         3
 Hailstorm                Conj/Ice       14%        3d5       69%         3
 Teleport Other           Tloc           14%        N/A       69%         3
 Vampiric Draining        Necr           14%        2d7       69%         3
 Yara's Violent Unravell  Hex/Tmut       10%        3d6       96%         5
 Passage of Golubria      Tloc           14%        N/A       97%         4
 Agony                    Necr           14%        N/A       100%        5
 Silence                  Hex/Air        7%         N/A       100%        5
 Dispersal                Tloc           7%         N/A       100%        6
 Summon Small Mammal      Summ           Unusable   N/A       N/A         1
 Call Canine Familiar     Summ           Unusable   N/A       N/A         3
 Summon Guardian Golem    Hex/Summ       Unusable   N/A       N/A         3
 Tukima's Dance           Hex            Unusable   N/A       N/A         3

Dungeon Overview and Level Annotations

Branches:
Dungeon (8/15)             Temple (1/1) D:6            Lair (0/5) D:8

Altars:
Ashenzari
Cheibriados
Dithmenos
Elyvilon
Fedhas
Gozag
Hepliaklqana
Makhleb
Okawaru
Qazlal
Ru
Sif Muna
Trog
Uskayaw
Vehumet
Wu Jian
Xom
Yredelemnul
Zin
The Shining One

Shops:
D:4 ?

Annotations:
D:7 Maggie


Innate Abilities, Weirdness & Mutations

You have very sharp teeth.
Your uncanny sense of smell can sniff out nearby items.
Your experience applies equally to all skills.


Message History

Aim: a gnoll, wielding a +0 flail and quivering stones (almost dead, poisoned, 64% to hit)
You throw a poisoned dart. The poisoned dart hits the gnoll.
The gnoll looks even sicker.
The gnoll is almost dead.
The acid dragon spits acid at you. The splash of acid hits you!!
The gnoll throws a stone.
The stone barely misses you.
You hear a shout!
You open the door. Okawaru accepts your kill.
You feel a bit more experienced.
There is an open door here.
You close the door.
Found a stone.
c - 64 stones (gained 1)
A troll comes into view.
The troll shouts!
A howler monkey comes into view.
The howler monkey howls!
You are too injured to fight recklessly!
You gain the combat prowess of a mighty hero.
The troll completely misses you. The troll claws you but does no damage.
The troll misses you.
You hit the troll.
The troll is lightly wounded.
Your +5 spectral club hits the troll!
The troll bites you! The troll closely misses you. The troll barely misses you.
You thump the troll!
The troll is heavily wounded.
Your +5 spectral club hits the troll.
The troll bites you but does no damage. The troll claws you!
* * * LOW HITPOINT WARNING * * *
The troll barely misses you.
You closely miss the troll. You punch the troll!
You bite the troll, but do no damage.
The troll is severely wounded.
Your +5 spectral club hits the troll.
The troll bites you!
* * * LOW HITPOINT WARNING * * *
The troll completely misses you. The troll claws you.
You die...

###.####....# #.#.
....⌠........# #.#∆
####.####....########.#g
##h#.#.###............#.
#.##.##.###...#########.
.###.###......'.........
.##...##......##########
.#..#..#T.....# #
#...@(#....##########
#.#####....+......... #
#....######.... ######
#.... #.... #####
######## #......##
###########........


You could see a troll, a howler monkey and a friendly +5 spectral club
(summoned).

Vanquished Creatures
  A two-headed ogre (D:7)
  A wyvern (D:7)
  Eustachio (D:5)
  Edmund (D:4)
  4 water moccasins
  Duvessa (D:7)
  3 ogres
  A centaur (D:6)
  2 phantoms
  A kobold brigand (D:7)
  A bullfrog (D:6)
  6 scorpions
  Dowan (D:7)
  A howler monkey (D:7)
  A crimson imp (D:4)
  5 orc priests
  A jelly (D:5)
  A gnoll bouda (D:6)
  5 hounds
  Terence (D:2)
  A sleepcap (D:5)
  Jessica (D:2)
  2 iguanas (D:4)
  Ijyb (D:5)
  7 gnolls
  6 adders
  A shadow imp (D:6)
  A white imp (D:4)
  4 dart slugs
  20 orcs
  3 endoplasms
  3 giant cockroaches
  6 goblins
  4 hobgoblins
  5 ball pythons
  3 bats
  5 frilled lizards
  11 kobolds
  6 rats
129 creatures vanquished.

Notes
Turn   | Place    | Note
-------+----------+-------------------------------------------
     0 | D:1      | Ayyar the Gnoll Wanderer began the quest for the Orb.
     0 | D:1      | Ayyar set off with the following items: a +1 mace, a scroll
                  | of fog, a +0 robe; and the following spell memorised:
                  | Beastly Appendage; and the following spells available to
                  | memorise: Wereblood, Spider Form.
     0 | D:1      | Reached XP level 1. HP: 17/17 MP: 4/4
   299 | D:1      | Noticed a floating eye
   303 | D:1      | Noticed an eye of devastation
   304 | D:1      | Found a faded altar of an unknown god.
   312 | D:1      | Noticed a golden eye
   342 | D:1      | Reached XP level 2. HP: 23/23 MP: 5/5
   356 | D:1      | Noticed an eye of devastation
  1096 | D:2      | Reached XP level 3. HP: 28/28 MP: 7/7
  1105 | D:2      | Reached skill level 1 in Invocations
  1159 | D:2      | Noticed Terence
  1180 | D:2      | Killed Terence
  1181 | D:2      | Reached skill level 1 in Short Blades
  1181 | D:2      | Reached skill level 1 in Long Blades
  1181 | D:2      | Reached skill level 1 in Axes
  1181 | D:2      | Reached skill level 1 in Polearms
  1181 | D:2      | Reached skill level 1 in Staves
  1181 | D:2      | Reached skill level 1 in Ranged Weapons
  1181 | D:2      | Reached skill level 1 in Throwing
  1181 | D:2      | Reached skill level 1 in Armour
  1181 | D:2      | Reached skill level 1 in Shields
  1181 | D:2      | Reached skill level 1 in Unarmed Combat
  1181 | D:2      | Reached skill level 1 in Evocations
  1181 | D:2      | Reached XP level 4. HP: 28/34 MP: 8/8
  1239 | D:2      | Noticed Jessica
  1249 | D:2      | Killed Jessica
  1250 | D:2      | Reached skill level 1 in Conjurations
  1250 | D:2      | Reached skill level 1 in Hexes
  1250 | D:2      | Reached skill level 1 in Summonings
  1250 | D:2      | Reached skill level 1 in Necromancy
  1250 | D:2      | Reached skill level 1 in Translocations
  1250 | D:2      | Reached skill level 1 in Fire Magic
  1250 | D:2      | Reached skill level 1 in Ice Magic
  1250 | D:2      | Reached skill level 1 in Air Magic
  1250 | D:2      | Reached skill level 1 in Earth Magic
  1250 | D:2      | Reached skill level 1 in Poison Magic
  2444 | D:4      | Reached XP level 5. HP: 17/41 MP: 9/9
  2660 | D:4      | Reached XP level 6. HP: 47/47 MP: 9/11
  3323 | D:4      | Found a hide-covered altar of Uskayaw.
  3354 | D:4      | Reached skill level 9 in Transmutations
  3441 | D:4      | Found a radiant altar of Vehumet.
  3492 | D:4      | Found Ryulib's Magic Scroll Shoppe.
  3495 | D:4      | Bought a scroll of vulnerability for 44 gold pieces
  3495 | D:4      | Bought a scroll of enchant weapon for 82 gold pieces
  3495 | D:4      | Bought a scroll of identify for 22 gold pieces
  3495 | D:4      | Bought a scroll of identify for 22 gold pieces
  3495 | D:4      | Bought a scroll of poison for 44 gold pieces
  3561 | D:4      | Noticed Edmund
  3575 | D:4      | Killed Edmund
  3576 | D:4      | Reached XP level 7. HP: 20/52 MP: 12/12
  3813 | D:5      | Entered Level 5 of the Dungeon
  4108 | D:5      | Noticed Eustachio
  4497 | D:5      | Reached XP level 8. HP: 56/60 MP: 14/14
  4704 | D:5      | Identified the ring "Vopsoti" {*Slow rElec Will+ Dex+3
                  | Slay+2}
  5017 | D:6      | Found a staircase to the Ecumenical Temple.
  5026 | Temple   | Entered the Ecumenical Temple
  5180 | Temple   | Became a worshipper of Warmaster Okawaru
  5976 | D:6      | Reached XP level 9. HP: 57/66 MP: 16/16
  6502 | D:5      | Killed Eustachio
  6503 | D:5      | Reached skill level 5 in Spellcasting
  6565 | D:5      | Reached skill level 5 in Fighting
  6565 | D:5      | Reached skill level 5 in Maces & Flails
  6565 | D:5      | Reached skill level 5 in Dodging
  6694 | D:5      | Reached * piety under Okawaru
  6794 | D:5      | Noticed Ijyb
  6802 | D:5      | Killed Ijyb
  7220 | D:6      | Reached skill level 5 in Stealth
  7317 | D:7      | Noticed Dowan
  7482 | D:7      | Noticed Duvessa
  7502 | D:7      | Killed Duvessa
  7612 | D:7      | Killed Dowan
  7796 | D:7      | Found a burning altar of Makhleb.
  7799 | D:7      | Noticed a balrug
  7827 | D:7      | HP: 3/68 [wyvern (14)]
  7834 | D:7      | Reached skill level 5 in Invocations
  8018 | D:7      | Noticed a two-headed ogre
  8038 | D:7      | Killed a two-headed ogre
  8038 | D:7      | Reached ** piety under Okawaru
  8039 | D:7      | Reached skill level 5 in Short Blades
  8039 | D:7      | Reached skill level 5 in Long Blades
  8039 | D:7      | Reached skill level 5 in Axes
  8039 | D:7      | Reached skill level 5 in Polearms
  8039 | D:7      | Reached skill level 5 in Staves
  8039 | D:7      | Reached skill level 5 in Ranged Weapons
  8039 | D:7      | Reached skill level 5 in Throwing
  8039 | D:7      | Reached skill level 5 in Armour
  8039 | D:7      | Reached skill level 5 in Shields
  8039 | D:7      | Reached skill level 5 in Unarmed Combat
  8039 | D:7      | Reached skill level 5 in Evocations
  8039 | D:7      | Reached XP level 10. HP: 20/76 MP: 18/18
  8098 | D:7      | Noticed Maggie
  8215 | D:7      | HP: 3/76 [troll (11)]
  8215 | D:7      | Slain by a troll

Illustrated notes

Levels and vault maps discovered:
D:1:      psy_arrival_basics, layout_basic,
          hellmonk_ecumenical_altar_watching_god
D:2:      layout_rooms, uniq_jessica, uniq_terence
D:3:      layout_basic
D:4:      kennysheep_spiral_hall, layout_basic, amcnicky_altar_gilded,
          mainiacjoe_overflow_catwalk, serial_shops, kennysheep_mini_moat,
          corner_web_ring, minmay_fire_ice_demons, uniq_edmund
D:5:      layout_loops_cross, serial_bayou_pond_e, kennysheep_decorative_pillar,
          minmay_misc_feat_room, minmay_stone_trees_small, minmay_circle_x,
          uniq_eustachio, uniq_ijyb
D:6:      layout_loops_corners, minmay_temple_entry_sparse_star
D:7:      layout_basic, nemelex_diamond_rough_becter, makhleb_altar_promises_db,
          kb_rosetta, uniq_maggie, uniq_duvessa
D:8:      layout_basic, dpeg_lair_monsters, enter_bailey_4, uniq_joseph,
          uniq_erica
Temple:   nicolae_temple_bog_church

Skill      XL: |  1  2  3  4  5  6  7  8  9 |
---------------+----------------------------+-----
Invocations    | 1 2 3 4 5 |  5.5
Short Blades   | 1 2 3 5 |  5.0
Long Blades    | 1 2 3 5 |  5.0
Axes           | 1 2 3 5 |  5.0
Polearms       | 1 2 3 5 |  5.0
Staves         | 1 2 3 5 |  5.0
Ranged Weapons | 1 2 3 5 |  5.0
Throwing       | 1 2 3 5 |  5.0
Armour         | 1 2 3 5 |  5.0
Shields        | 1 2 3 5 |  5.0
Unarmed Combat | 1 2 3 5 |  5.0
Evocations     | 1 2 3 5 |  5.0
Spellcasting   | 3 4 5 |  5.8
Conjurations   | 1 2 3 4 |  4.1
Hexes          | 1 2 3 4 |  4.1
Summonings     | 1 2 3 4 |  4.1
Necromancy     | 1 2 3 4 |  4.1
Translocations | 1 2 3 4 |  4.1
Fire Magic     | 1 2 3 4 |  4.1
Ice Magic      | 1 2 3 4 |  4.1
Air Magic      | 1 2 3 4 |  4.1
Earth Magic    | 1 2 3 4 |  4.1
Poison Magic   | 1 2 3 4 |  4.1
Fighting       | 3 4 5 |  5.7
Maces & Flails | 3 4 5 |  5.7
Dodging        | 3 4 5 |  5.7
Stealth        | 3 4 5 |  5.6
Transmutations | 9 |  9.7

Action                     |  1- 3 |  4- 6 |  7- 9 | 10-12 || total
---------------------------+-------+-------+-------+-------++-------
  Melee: Mace              |    90 |   193 |       |       ||   283
         Bite              |     5 |    16 |    30 |     1 ||    52
         Punch             |       |     3 |    10 |     1 ||    14
         Flail             |       |       |   203 |       ||   203
         Club              |       |       |    95 |     3 ||    98
  Throw: Dart              |     3 |     6 |    47 |     2 ||    58
         Stone             |     3 |     9 |       |       ||    12
 Invoke: Heroism           |       |       |     1 |     1 ||     2
  Evoke: Wand              |       |    10 |     8 |       ||    18
    Use: Potion            |     1 |     3 |     6 |       ||    10
         Scroll            |       |     5 |     4 |     2 ||    11
   Stab: Paralysed         |       |       |    15 |       ||    15
 Armour: Ring mail         |    47 |       |       |       ||    47
         Robe              |     3 |       |       |       ||     3
         Chain mail        |       |   123 |   144 |     3 ||   270
  Dodge: Dodged            |    59 |    56 |   147 |    11 ||   273

Table legend: (Time is in decaauts)
 A = Elapsed time spent in this place.
 B = Non-inter-level travel time spent in this place.
 C = Inter-level travel time spent in this place.
 D = Time resting spent in this place.
 E = Time spent auto-exploring this place.
 F = Levels seen in this place.
 G = Mean time per level.
                   A        B        C        D        E       F      G
               +--------+--------+--------+--------+--------+-----+--------+
         Total |   8327 |   7721 |    606 |   1264 |   4431 |   9 |  925.2 |
       Dungeon |   8151 |   7560 |    591 |   1264 |   4286 |   8 | 1018.9 |
        Temple |    176 |    161 |     15 |      0 |    144 |   1 |  176.0 |
               +--------+--------+--------+--------+--------+-----+--------+

Top non-repeatable levels by time:
     D:4: 2054 daAuts
     D:6: 1434 daAuts
     D:5: 1291 daAuts
     D:1: 1032 daAuts
     D:7: 934 daAuts
     D:3: 806 daAuts
     D:2: 551 daAuts
  Temple: 176 daAuts
     D:8: 46 daAuts
